 Dungeon Crawl Stone Soup version 0.31-a0-237-g2d982f9f85 (webtiles) character file.

Game seed: 18272857985407787988

150 qw the Shooter (level 5, -1/45 HPs)
             Began as a Minotaur Hexslinger on July 10, 2023.
             Slain by a gnoll bouda
             ... wielding a +0 whip
              (4 damage)
             ... on level 3 of the Dungeon.
             The game lasted 00:00:43 (1400 turns).

qw the Shooter (Minotaur Hexslinger)                Turns: 1400, Time: 00:00:43

Health: -1/45      AC:  5    Str: 13    XL:     5   Next: 10%
Magic:  5/5        EV: 11    Int: 10    God:
Gold:   92         SH:  0    Dex: 14    Spells: 5/6 levels left

rFire   . . .        Y - +2 sling
rCold   . . .        (no shield)
rNeg    . . .        e - +0 ring mail
rPois   .            (helmet restricted)
rElec   .            (no cloak)
rCorr   .            (no gloves)
SInv    .            (no boots)
Will    .....        b - amulet of the acrobat
Stlth   +            (no ring)
HPRegen 0.27/turn    (no ring)
MPRegen 0.09/turn

%: acrobat
@: weakened
A: horns 2, retaliatory headbutt
a: no special abilities


You were on level 3 of the Dungeon.
You visited 1 branch of the dungeon, and saw 3 of its levels.

You collected 118 gold pieces.
You spent 26 gold pieces at shops.


Innate Abilities, Weirdness & Mutations

You have a pair of horns on your head.
You reflexively headbutt those who attack you in melee.


   Skills:
 - Level 3.0 Fighting
 + Level 5.0 Ranged Weapons
 - Level 1.2 Armour
 - Level 2.1 Dodging
 - Level 1.0 Spellcasting
 - Level 2.0 Hexes


You had 5 spell levels left.
You knew the following spells:

 Your Spells              Type           Power      Damage    Failure   Level
a - Slow                  Hex            16%        N/A       32%         1

Your spell library contained the following spells:

 Spells                   Type           Power      Damage    Failure   Level
 Inner Flame              Hex/Fire       2%         N/A       82%         3
 Portal Projectile        Hex/Tloc       4%         N/A       82%         3
 Cause Fear               Hex            2%         N/A       97%         4

Inventory:

Hand Weapons
 Y - a +2 sling (weapon)
Armour
 e - a +0 ring mail (worn)
Jewellery
 b - an amulet of the acrobat (around neck)
Scrolls
 a - a scroll of identify
Potions
 c - a potion of enlightenment
 d - a potion of cancellation {unknown}
 f - a potion of curing {unknown}
 g - a potion of mutation {unknown}
 i - a potion of magic {unknown}

Dungeon Overview and Level Annotations

Branches:
Dungeon (3/15)

Altars:
Makhleb
Xom

Shops:
D:2 *


Message History

You shoot a sling bullet. The sling bullet hits the gnoll bouda.
The gnoll bouda is severely wounded.
The gnoll bouda closely misses you. The gnoll misses you.
The gnoll bouda closely misses you.
You shoot a sling bullet.
The sling bullet barely misses the gnoll bouda.
The gnoll hits you from afar with a +0 halberd.
The gnoll bouda hits you with a +0 whip.
The gnoll barely misses you.
You shoot a sling bullet. The sling bullet hits the gnoll bouda.
The gnoll bouda is almost dead.
The gnoll bouda hits you with a +0 whip.
The gnoll misses you.
You shoot a sling bullet.
The sling bullet barely misses the gnoll bouda.
The gnoll bouda prays to its god.
The gnoll bouda is healed somewhat.
The gnoll hits you from afar with a +0 halberd.
You shoot a sling bullet.
The sling bullet closely misses the gnoll bouda.
The gnoll bouda closely misses you. The gnoll misses you.
The gnoll bouda prays to its god.
The gnoll bouda is healed somewhat.
You shoot a sling bullet.
The sling bullet closely misses the gnoll bouda.
Your attacks no longer feel as feeble.
The gnoll barely misses you. The gnoll bouda barely misses you.
The gnoll misses you.
You shoot a sling bullet.
The sling bullet completely misses the gnoll bouda.
The gnoll bouda gazes fiercely through you!
You feel your attacks grow feeble. The gnoll bouda barely misses you.
You furiously retaliate!
You headbutt the gnoll bouda! The gnoll closely misses you.
You shoot a sling bullet.
The sling bullet barely misses the gnoll bouda.
The gnoll bouda gazes fiercely through you!
You feel as though you will be weak longer.
The gnoll bouda hits you with a +0 whip.
You die... #. .. #.# #. ...#. #. #.#. .. .og

# .# #g## .#.# # .. #.g### ...#
# # #.. #.@..####..#)# # #..
#...##...##..#.# # #.# ###.
###.....%.# ## # #.# ..
###...##...# ####.# .# ###
##...#.... )..#.###...#
#......... ##.......#
#.........
.##..#################........#
...........#...........##.##..#


You could see a gnoll bouda, 2 gnolls and an orc.

Vanquished Creatures
  Jessica (D:3)
  Terence (D:2)
  2 gnolls (D:3)
  4 adders
  3 orcs (D:3)
  4 ball pythons
  4 bats
  4 endoplasms
  5 goblins
  6 hobgoblins
  A quokka (D:2)
  A frilled lizard (D:1)
  4 kobolds
  3 rats
43 creatures vanquished.

Notes
Turn   | Place    | Note
-------+----------+-------------------------------------------
     0 | D:1      | qw the Minotaur Hexslinger began the quest for the Orb.
     0 | D:1      | Reached XP level 1. HP: 16/16 MP: 1/1
     0 | D:1      | 0 ||| qw: Version: 0.3-a-52-g30416fa
     0 | D:1      | 0 ||| qw: Game counter: 5147
     0 | D:1      | 0 ||| qw: Melee chars always use a shield: true
     0 | D:1      | 0 ||| qw: God list: Okawaru
     0 | D:1      | 0 ||| qw: Allow faded altars: false
     0 | D:1      | 0 ||| qw: Do Orc after clearing Dungeon:15 true
     0 | D:1      | 0 ||| qw: Do second Lair branch before Depths: true
     0 | D:1      | 0 ||| qw: Lair rune preference: random
     0 | D:1      | 0 ||| qw: Goals: Normal
     0 | D:1      | 0 ||| PLANNING D:1-11
   173 | D:1      | Reached skill level 3 in Ranged Weapons
   187 | D:1      | Reached XP level 2. HP: 23/23 MP: 2/2
   449 | D:1      | 449 ||| UPGRADING to +0 ring mail.
   459 | D:1      | 459 ||| DROPPING +0 robe.
   460 | D:1      | 460 ||| READING scroll labelled RINTOO SIORAPS.
   461 | D:1      | 461 ||| READING scroll labelled QEUFIFR TUOVU.
   462 | D:1      | 462 ||| DROPPING scroll of poison.
   472 | D:2      | Found Niups's General Store.
   475 | D:2      | 475 ||| STAIRDANCE
   534 | D:2      | 534 ||| SHOPLISTING +1 shortbow of flaming (161 gold, have
                  | 55).
   534 | D:2      | 534 ||| SHOPLISTING 3 scrolls of identify (78 gold, have
                  | 55).
   534 | D:2      | 534 ||| SHOPLISTING amulet of the acrobat (390 gold, have
                  | 55).
   534 | D:2      | 534 ||| BUYING scroll of identify (26 gold).
   534 | D:2      | Bought a scroll of identify for 26 gold pieces
   555 | D:2      | Reached XP level 3. HP: 29/29 MP: 3/3
   569 | D:2      | Found a shimmering altar of Xom.
   640 | D:2      | Reached skill level 4 in Ranged Weapons
   679 | D:2      | Found a faded altar of an unknown god.
   686 | D:2      | Reached skill level 1 in Armour
   835 | D:2      | Noticed Terence
   848 | D:2      | Killed Terence
   849 | D:2      | Reached XP level 4. HP: 14/36 MP: 4/4
  1078 | D:2      | 1078 ||| UPGRADING to amulet of the acrobat.
  1083 | D:2      | 1083 ||| READING scroll labelled LAVUIX AJESE.
  1084 | D:2      | 1084 ||| READING scroll labelled WUNTIZ QAPPAED.
  1085 | D:2      | 1085 ||| DRINKING 2 golden potions.
  1156 | D:3      | Noticed Jessica
  1161 | D:3      | Reached skill level 5 in Ranged Weapons
  1166 | D:3      | Killed Jessica
  1167 | D:3      | Reached XP level 5. HP: 28/44 MP: 5/5
  1234 | D:3      | Found a burning altar of Makhleb.
  1301 | D:3      | Reached skill level 3 in Fighting
  1385 | D:3      | 1385 ||| Stepping ~*~*~tactically~*~*~ (outnumbered).
  1395 | D:3      | HP: 7/45 [gnoll bouda/+0 whip (6)]
  1396 | D:3      | HP: 1/45 [gnoll/+0 halberd[a gnoll bouda] (6)]
  1400 | D:3      | Slain by a gnoll bouda

Levels and vault maps discovered:
D:1:      heliophobic_arrival_enchanted_forest, layout_basic
D:2:      layout_rooms, serial_shops, nicolae_shop_statue_plus,
          basic_ecumenical_altar, basic_altar, uniq_terence
D:3:      layout_rooms, elyvilon_altar_4, bloody_makhleb,
          minmay_misc_feat_roman, uniq_jessica

Skill      XL: |  1  2  3  4  5 |
---------------+----------------+-----
Ranged Weapons | 3 4 5 |  5.0
Fighting       | 2 3 |  3.0
Armour         | 1 |  1.2
Dodging        | |  2.1
Spellcasting   | |  1.0
Hexes          | |  2.0

Action                     |  1- 3 |  4- 6 || total
---------------------------+-------+-------++-------
   Fire: Sling             |   120 |    57 ||   177
    Use: Scroll            |     2 |     2 ||     4
         Potion            |       |     1 ||     1
 Armour: Robe              |     5 |       ||     5
         Ring mail         |    20 |     1 ||    21
  Dodge: Dodged            |    39 |    34 ||    73

Table legend:
 A = Non-vault XP
 B = Vault XP
 C = Vault XP percentage of total XP
 D = Non-vault monster count
 E = Vault monster count
 F = Vault count percentage of total count
                 A         B        C        D         E       F
            +---------+---------+-------+---------+---------+-------
      Total |     142 |      73 |  34.0 |      41 |       2 |   4.7
            +---------+---------+-------+---------+---------+-------
        D:1 |      38 |       0 |   0.0 |      15 |       0 |   0.0
        D:2 |      58 |      36 |  38.3 |      14 |       1 |   6.7
        D:3 |      46 |      37 |  44.6 |      12 |       1 |   7.7
            +---------+---------+-------+---------+---------+-------
